PCL
ALBUQUERQUE ISOTOPES @ SANTA MONICA BRUINS
05/14/2023
 
TOP OF THE 1ST
Albuquerque Isotopes batting - Pitching for Santa Monica Bruins : LHP Yasuyuki Ishii
Pitching: LHP Yasuyuki Ishii
Batting: SHB José Sosa 0-0: Swinging Strike
0-1: Ball
1-1: Fly out, F8 (Line Drive, 89M)
Batting: RHB Chris Terry 0-0: Called Strike
0-1: Fly out, F7 (Flyball, 78M)
Batting: RHB José Bautista 0-0: Foul Ball, location: 2F
0-1: Foul Ball, location: 2F
0-2: Foul Ball, location: 2F
0-2: SINGLE (Groundball, 34S)
Batting: RHB Sze Qi 0-0: Ball
1-0: Foul Ball, location: 2F
1-1: Foul Ball, location: 2F
1-2: Ball
2-2: Ball
3-2: Base on Balls
José Bautista to second
Batting: LHB Manny Mejía 0-0: Called Strike
0-1: Ball
1-1: Swinging Strike
1-2: Ball
2-2: Ball
3-2: SINGLE (Groundball, 25) (infield hit)
José Bautista to third
Sze Qi to second
Batting: RHB Edward Young 0-0: Ball
1-0: Swinging Strike
1-1: Ball
2-1: Fly out, F7 (Flyball, 7LMF)
Top of the 1st over - 0 run(s), 2 hit(s), 0 error(s), 3 left on base; Albuquerque 0 - Santa Monica 0
BOTTOM OF THE 1ST
Santa Monica Bruins batting - Pitching for Albuquerque Isotopes : RHP Juan Marín
Pitching: RHP Juan Marín
Batting: RHB Juan Acuña 0-0: Called Strike
0-1: SOLO HOME RUN (Flyball, 8LXD), Distance : 410 ft
Batting: LHB Fernando De La Cruz 0-0: Ball
1-0: Called Strike
1-1: Called Strike
1-2: Strikes out looking
Batting: LHB Germán Charfauros 0-0: Ball
1-0: Ball
2-0: Ball
3-0: Base on Balls
Batting: LHB Cade Delaney 0-0: Ball
1-0: Ball
2-0: Ball
3-0: Base on Balls
Germán Charfauros to second
Batting: LHB Ken Poche 0-0: Called Strike
0-1: Ball
1-1: Ball
2-1: Foul Ball, location: 2F
2-2: Ball
3-2: Base on Balls
Germán Charfauros to third
Cade Delaney to second
Batting: LHB Matsusuke Yamasaki 0-0: Called Strike
0-1: Ball
1-1: Ball
2-1: Foul Ball, location: 2F
2-2: Ball
3-2: Base on Balls
Germán Charfauros scores
Cade Delaney to third
Ken Poche to second
Batting: LHB Patrick Osborne 0-0: Called Strike
0-1: Foul Ball, location: 2F
0-2: Ball
1-2: Ball
2-2: Strikes out swinging
Batting: RHB Grant Jenkins 0-0: Called Strike
0-1: SINGLE (Line Drive, 56D)
Cade Delaney scores
Ken Poche to third
Matsusuke Yamasaki to second
Runner from 3rd tries for Home, SAFE, no throw or cutoff
Batting: RHB Armando Méndez 0-0: Ball
1-0: Ball
2-0: Ball
3-0: Called Strike
3-1: Foul Ball, location: 2F
3-2: Base on Balls
Matsusuke Yamasaki to third
Grant Jenkins to second
Batting: RHB Juan Acuña 0-0: Foul Ball, location: 2F
0-1: Ball
1-1: Foul Ball, location: 2F
1-2: Ball
2-2: SINGLE (Groundball, 6M)
Matsusuke Yamasaki scores
Grant Jenkins to third
Armando Méndez to second
Runner from 3rd tries for Home, SAFE, no throw or cutoff
Batting: LHB Fernando De La Cruz 0-0: Ball
1-0: Foul Ball, location: 2F
1-1: Ball
2-1: Called Strike
2-2: Foul Ball, location: 2F
2-2: Foul Ball, location: 2F
2-2: Ball
3-2: Foul Ball, location: 2F
3-2: Ground out U3 (Groundball, 3L)
Bottom of the 1st over - 6 run(s), 3 hit(s), 0 error(s), 2 left on base; Albuquerque 0 - Santa Monica 6
TOP OF THE 2ND
Albuquerque Isotopes batting - Pitching for Santa Monica Bruins : LHP Yasuyuki Ishii
Batting: RHB Luis Martínez 0-0: Ball
1-0: Swinging Strike
1-1: Ball
2-1: Foul Ball, location: 2F
2-2: Foul Ball, location: 2F
2-2: Ball
3-2: Foul Ball, location: 2F
3-2: Strikes out looking
Batting: RHB Adrián García 0-0: Called Strike
0-1: Foul Ball, location: 2F
0-2: Strikes out swinging
Batting: LHB Mark Vestal 0-0: Ball
1-0: Ground out 4-3 (Groundball, 4M)
Top of the 2nd over - 0 run(s), 0 hit(s), 0 error(s), 0 left on base; Albuquerque 0 - Santa Monica 6
BOTTOM OF THE 2ND
Santa Monica Bruins batting - Pitching for Albuquerque Isotopes : RHP Juan Marín
Batting: LHB Germán Charfauros 0-0: DOUBLE (Flyball, 8LXD)
Batting: LHB Cade Delaney 0-0: Called Strike
0-1: Ball
1-1: Foul Ball, location: 2F
1-2: Strikes out looking
Batting: LHB Ken Poche 0-0: Called Strike
0-1: Ball
1-1: Ball
2-1: SINGLE (Line Drive, 3L)
Germán Charfauros to third
Runner from 3rd tries for Home, SAFE, no throw or cutoff
Batting: LHB Matsusuke Yamasaki 0-0: Called Strike
0-1: Foul Ball, location: 2F
0-2: SINGLE (Line Drive, 4D)
Ken Poche to second
Runner from 2nd tries for 3rd, SAFE, no throw or cutoff
Batting: LHB Patrick Osborne 0-0: Swinging Strike
0-1: Ball
1-1: Ball
2-1: Ball
3-1: Swinging Strike
3-2: Strikes out swinging
Batting: RHB Grant Jenkins 0-0: Called Strike
0-1: Ball
1-1: Ball
2-1: Ball
3-1: Fly out, F6 (Line Drive, 6)
Bottom of the 2nd over - 1 run(s), 3 hit(s), 0 error(s), 2 left on base; Albuquerque 0 - Santa Monica 7
TOP OF THE 3RD
Albuquerque Isotopes batting - Pitching for Santa Monica Bruins : LHP Yasuyuki Ishii
Batting: SHB José Sosa 0-0: Ball
1-0: Swinging Strike
1-1: Ball
2-1: Swinging Strike
2-2: Foul Ball, location: 2F
2-2: Foul Ball, location: 2F
2-2: Strikes out swinging
Batting: RHB Chris Terry 0-0: Ground out 5-3 (Groundball, 56)
Batting: RHB José Bautista 0-0: Called Strike
0-1: Swinging Strike
0-2: Ball
1-2: Ball
2-2: Ground out 5-3 (Groundball, 56)
Top of the 3rd over - 0 run(s), 0 hit(s), 0 error(s), 0 left on base; Albuquerque 0 - Santa Monica 7
BOTTOM OF THE 3RD
Santa Monica Bruins batting - Pitching for Albuquerque Isotopes : RHP Juan Marín
Batting: RHB Armando Méndez 0-0: SINGLE (Groundball, 6MD) (infield hit)
Batting: RHB Juan Acuña 0-0: Ball
1-0: Foul Ball, location: 2F
1-1: Reached on error, E5 (Groundball, 56)
Armando Méndez to second
Batting: LHB Fernando De La Cruz 0-0: Called Strike
0-1: Ball
1-1: Swinging Strike
1-2: Strikes out looking
Pitching: RHP Pepe Hernández
Batting: LHB Germán Charfauros 0-0: Ball
1-0: Swinging Strike
1-1: Foul Ball, location: 2F
1-2: Foul Ball, location: 2F
1-2: Ball
2-2: Fly out, F5 (Popup, 5L)
Batting: LHB Cade Delaney 0-0: Ball
1-0: Swinging Strike
1-1: Foul Ball, location: 2F
1-2: Foul Ball, location: 2F
1-2: Ball
2-2: Foul Ball, location: 2F
2-2: Ball
3-2: TRIPLE (Line Drive, 3D)
Armando Méndez scores
Juan Acuña scores
Batting: LHB Ken Poche 0-0: Ball
1-0: Ball
2-0: Foul Ball, location: 2F
2-1: Swinging Strike
2-2: Foul Ball, location: 2F
2-2: Ball
3-2: Foul Ball, location: 2F
3-2: Base on Balls
Batting: LHB Matsusuke Yamasaki 0-0: Ball
1-0: Fly out, F8 (Flyball, 8LM)
Bottom of the 3rd over - 2 run(s), 2 hit(s), 1 error(s), 2 left on base; Albuquerque 0 - Santa Monica 9
TOP OF THE 4TH
Albuquerque Isotopes batting - Pitching for Santa Monica Bruins : LHP Yasuyuki Ishii
Batting: RHB Sze Qi 0-0: Ball
1-0: Ball
2-0: Ball
3-0: Base on Balls
Batting: LHB Manny Mejía 0-0: Ball
1-0: Foul Ball, location: 2F
Single, Error in OF, E8, batter to second base
Sze Qi to third
Batting: RHB Edward Young 0-0: Foul Ball, location: 2F
0-1: Ball
1-1: Called Strike
1-2: Strikes out swinging
Batting: RHB Luis Martínez 0-0: Ground out 5-3 (Groundball, 56)
Sze Qi scores
Batting: RHB Adrián García 0-0: Foul Ball, location: 2F
0-1: Swinging Strike
0-2: Strikes out swinging
Top of the 4th over - 1 run(s), 1 hit(s), 1 error(s), 1 left on base; Albuquerque 1 - Santa Monica 9
BOTTOM OF THE 4TH
Santa Monica Bruins batting - Pitching for Albuquerque Isotopes : RHP Pepe Hernández
Batting: LHB Patrick Osborne 0-0: Called Strike
0-1: Ground out 5-3 (Groundball, 5)
Batting: RHB Grant Jenkins 0-0: Called Strike
0-1: Called Strike
0-2: Strikes out swinging
Batting: RHB Armando Méndez 0-0: Ball
1-0: Ball
2-0: Called Strike
2-1: Swinging Strike
2-2: Fly out, F6 (Line Drive, 6D)
Bottom of the 4th over - 0 run(s), 0 hit(s), 0 error(s), 0 left on base; Albuquerque 1 - Santa Monica 9
TOP OF THE 5TH
Albuquerque Isotopes batting - Pitching for Santa Monica Bruins : LHP Yasuyuki Ishii
Batting: LHB Mark Vestal 0-0: Foul Ball, location: 2F
0-1: Ground out 5-3 (Groundball, 56)
Batting: SHB José Sosa 0-0: Ball
1-0: Ball
2-0: Called Strike
2-1: Foul Ball, location: 2F
2-2: SINGLE (Groundball, 56D)
Batting: RHB Chris Terry 0-0: Ball
1-0: Ball
2-0: Called Strike
2-1: Swinging Strike
2-2: Fly out, F7 (Flyball, 7M)
Batting: RHB José Bautista 0-0: Called Strike
0-1: Fly out, F8 (Line Drive, 8LM)
Top of the 5th over - 0 run(s), 1 hit(s), 0 error(s), 1 left on base; Albuquerque 1 - Santa Monica 9
BOTTOM OF THE 5TH
Santa Monica Bruins batting - Pitching for Albuquerque Isotopes : RHP Pepe Hernández
Batting: RHB Juan Acuña 0-0: Foul Ball, location: 2F
0-1: Swinging Strike
0-2: Ball
1-2: Ground out 6-3 (Groundball, 6M)
Batting: LHB Fernando De La Cruz 0-0: Swinging Strike
0-1: Swinging Strike
0-2: Ball
1-2: Ball
2-2: Foul Ball, location: 2F
2-2: Ball
3-2: Base on Balls
Batting: LHB Germán Charfauros 0-0: Ball
1-0: SINGLE (Flyball, 89S)
Fernando De La Cruz to second
Runner from 2nd tries for 3rd, OUT!
Germán Charfauros to second
Batting: LHB Cade Delaney 0-0: SINGLE (Line Drive, 8RS)
Germán Charfauros to third
Runner from 3rd tries for Home, SAFE, no throw or cutoff
Batting: LHB Ken Poche 0-0: Called Strike
0-1: Ball
1-1: Ball
2-1: Ball
3-1: Foul Ball, location: 2F
3-2: DOUBLE (Groundball, 5L)
Cade Delaney to third
Cade Delaney scores
Batting: LHB Matsusuke Yamasaki 0-0: Ball
1-0: Ball
2-0: Ball
3-0: Base on Balls
Batting: LHB Patrick Osborne 0-0: Called Strike
0-1: Ball
1-1: Fly out, F2 (Popup, 2RF)
Bottom of the 5th over - 2 run(s), 3 hit(s), 0 error(s), 2 left on base; Albuquerque 1 - Santa Monica 11
TOP OF THE 6TH
Albuquerque Isotopes batting - Pitching for Santa Monica Bruins : LHP Yasuyuki Ishii
Batting: RHB Sze Qi 0-0: Called Strike
0-1: Fly out, F7 (Line Drive, 7S)
Batting: LHB Manny Mejía 0-0: Ball
1-0: Called Strike
1-1: Ground out 6-3 (Groundball, 6M)
Batting: RHB Edward Young 0-0: Ball
1-0: Called Strike
1-1: Ball
2-1: Swinging Strike
2-2: Fly out, F4 (Popup, 4M)
Top of the 6th over - 0 run(s), 0 hit(s), 0 error(s), 0 left on base; Albuquerque 1 - Santa Monica 11
BOTTOM OF THE 6TH
Santa Monica Bruins batting - Pitching for Albuquerque Isotopes : RHP Pepe Hernández
Pitching: RHP Jay Lloyd
Batting: RHB Grant Jenkins 0-0: Called Strike
0-1: SINGLE (Groundball, 6D)
Batting: RHB Armando Méndez 0-0: Called Strike
0-1: Ball
1-1: Ball
2-1: SINGLE (Groundball, 23) (infield hit)
Grant Jenkins to second
Batting: RHB Juan Acuña 0-0: Ball
1-0: Called Strike
1-1: Ball
2-1: Grounds into double play, 4-6-3 (Groundball, 4)
Grant Jenkins to third
Batting: LHB Fernando De La Cruz 0-0: Ball
1-0: Ball
2-0: Called Strike
2-1: Foul Ball, location: 2F
2-2: Ball
3-2: Foul Ball, location: 2F
3-2: Foul Ball, location: 2F
3-2: Base on Balls
Batting: LHB Germán Charfauros 0-0: Swinging Strike
0-1: Foul Ball, location: 2F
0-2: Ball
1-2: Foul Ball, location: 2F
1-2: Foul Ball, location: 2F
1-2: Ball
2-2: Strikes out looking
Bottom of the 6th over - 0 run(s), 2 hit(s), 0 error(s), 2 left on base; Albuquerque 1 - Santa Monica 11
TOP OF THE 7TH
Albuquerque Isotopes batting - Pitching for Santa Monica Bruins : LHP Yasuyuki Ishii
Batting: RHB Luis Martínez 0-0: Ball
1-0: Bunt for hit - play at first, batter OUT! 1-3
Batting: RHB Adrián García 0-0: Foul Ball, location: 2F
0-1: Ball
1-1: Called Strike
1-2: SOLO HOME RUN (Flyball, 89D), Distance : 394 ft
Batting: LHB Mark Vestal 0-0: Foul Ball, location: 2F
0-1: Fly out, F7 (Flyball, 78M)
Batting: SHB José Sosa 0-0: SINGLE (Flyball, 4MD) - OUT at second base trying to stretch hit.
Top of the 7th over - 1 run(s), 2 hit(s), 0 error(s), 0 left on base; Albuquerque 2 - Santa Monica 11
BOTTOM OF THE 7TH
Santa Monica Bruins batting - Pitching for Albuquerque Isotopes : RHP Jay Lloyd
Batting: LHB Cade Delaney 0-0: Ground out 5-3 (Groundball, 5S)
Batting: LHB Ken Poche 0-0: SOLO HOME RUN (Flyball, 9D), Distance : 372 ft
Batting: LHB Matsusuke Yamasaki 0-0: Ball
1-0: Ground out 2-3 (Groundball, 2R)
Batting: LHB Patrick Osborne 0-0: DOUBLE (Line Drive, 8RM)
Batting: RHB Grant Jenkins 0-0: Ball
1-0: Foul Ball, location: 2F
1-1: Ball
2-1: Fly out, F8 (Flyball, 8LM)
Bottom of the 7th over - 1 run(s), 2 hit(s), 0 error(s), 1 left on base; Albuquerque 2 - Santa Monica 12
TOP OF THE 8TH
Albuquerque Isotopes batting - Pitching for Santa Monica Bruins : LHP Yasuyuki Ishii
Pitching: RHP Santiago González
Now at 1B: Bill Savage
Batting: RHB Chris Terry 0-0: Ball
1-0: Called Strike
1-1: Foul Ball, location: 2F
1-2: Ball
2-2: Ball
3-2: Foul Ball, location: 2F
3-2: Base on Balls
Batting: RHB José Bautista 0-0: Ball
1-0: Called Strike
1-1: Ground out U3 (Groundball, 3S)
Chris Terry to second
Pinch Hitting: SHB Tony McLaughlin 0-0: Ground out 4-3 (Groundball, 4)
Chris Terry to third
Batting: LHB Manny Mejía 0-0: Called Strike
0-1: Fly out, F4 (Popup, 34D)
Top of the 8th over - 0 run(s), 0 hit(s), 0 error(s), 1 left on base; Albuquerque 2 - Santa Monica 12
BOTTOM OF THE 8TH
Santa Monica Bruins batting - Pitching for Albuquerque Isotopes : RHP Jay Lloyd
Pitching: RHP Unissa Hondo
Now in RF: Tony McLaughlin
Batting: RHB Armando Méndez 0-0: Called Strike
0-1: Called Strike
0-2: Ball
1-2: Foul Ball, location: 2F
1-2: Strikes out swinging
Batting: RHB Juan Acuña 0-0: Called Strike
0-1: Ball
1-1: Called Strike
1-2: Ball
2-2: Hit by Pitch
Batting: LHB Fernando De La Cruz 0-0: Called Strike
Juan Acuña steals 2nd base
0-1: Foul Ball, location: 2F
0-2: Strikes out looking
Batting: LHB Germán Charfauros 0-0: Called Strike
0-1: Foul Ball, location: 2F
0-2: Ball
1-2: Ground out U3 (Groundball, 3S)
Bottom of the 8th over - 0 run(s), 0 hit(s), 0 error(s), 1 left on base; Albuquerque 2 - Santa Monica 12
TOP OF THE 9TH
Albuquerque Isotopes batting - Pitching for Santa Monica Bruins : RHP Santiago González
Now at SS: Kuniaki Kawashima
Batting: RHB Edward Young 0-0: Ball
1-0: Swinging Strike
1-1: SINGLE (Groundball, 5D)
Pinch Hitting: LHB A.J. Major 0-0: Called Strike
0-1: Ball
1-1: Ground out 5-3 (Groundball, 5S)
Edward Young to second
Batting: RHB Adrián García 0-0: Called Strike
0-1: Ball
1-1: Foul Ball, location: 2F
1-2: Ball
2-2: Foul Ball, location: 2F
2-2: Ball
3-2: Ground out 5-3 (Groundball, 5S)
Edward Young to third
Batting: LHB Mark Vestal 0-0: Ball
1-0: Foul Ball, location: 2F
1-1: Foul Ball, location: 2F
1-2: Strikes out looking
Top of the 9th over - 0 run(s), 1 hit(s), 0 error(s), 1 left on base; Albuquerque 2 - Santa Monica 12
This league is powered by Out of the Park Baseball, the baseball management simulation game for PC, Mac and Linux
Wednesday, December 2nd, 2015 - OOTP Baseball 16.8 Build 38